[Event "POR Cup Teams 2017-18"]
[Site "Maia"]
[Date "2018.07.14"]
[Round "4"]
[White "Senlle Caride, Miguel"]
[Black "Gomes, Bruno Miguel De Sou"]
[Result "1/2-1/2"]
[ECO "B15"]
[WhiteElo "2318"]
[BlackElo "2286"]
[Annotator "NA"]
[PlyCount "56"]
[EventDate "2018.05.05"]
[EventType "team-tourn"]
[EventCountry "POR"]
[SourceTitle "playchess.com"]
[Source "ChessBase"]
[SourceQuality "1"]
[TimeControl "5400+30"]

1. e4 c6 2. d4 d5 3. Nd2 dxe4 4. Nxe4 Nf6 5. Nxf6+ exf6 6. c3 Bd6 7. Bd3 O-O 8. Ne2 Qc7 9. h3 Re8 10. O-O Be6 11. c4 Rd8 12. c5 Bf8 13. Nf4 Qd7 14. Qc2 g6 15. Re1 Bd5 16. Be3 a5 17. b3 Na6 18. Bc4 Nc7 19. Rad1 Bg7 20. Qc1 Re8 21. Nxd5 Nxd5 22. Bh6 Qf5 23. Bxg7 Kxg7 24. Rxe8 Rxe8 25. Re1 Rd8 26. Bxd5 Rxd5 27. Qc3 Qf4 28. Rd1 Qc7 1/2-1/2

[Event "POR Cup Teams 2017-18"]
[Site "Maia"]
[Date "2018.07.14"]
[Round "4"]
[White "De Paiva, Pedro Henrique"]
[Black "Novais, Carlos Joao Fernand"]
[Result "1-0"]
[ECO "A01"]
[WhiteElo "2302"]
[BlackElo "2121"]
[Annotator "NA"]
[PlyCount "87"]
[EventDate "2018.05.05"]
[EventType "team-tourn"]
[EventCountry "POR"]
[SourceTitle "playchess.com"]
[Source "ChessBase"]
[SourceQuality "1"]
[TimeControl "5400+30"]

1. b3 Nf6 2. Bb2 e6 3. e3 Be7 4. Nf3 d5 5. c4 O-O 6. Be2 c5 7. O-O Nc6 8. d4 dxc4 9. Bxc4 a6 10. a3 b5 11. Be2 Bb7 12. dxc5 Bxc5 13. Qxd8 Rfxd8 14. Nbd2 e5 15. Rfd1 Re8 16. Rac1 Bb6 17. Ng5 Rad8 18. Bf3 Na5 19. b4 Bxf3 20. Ngxf3 Nb7 21. Nxe5 Nd5 22. Nf1 f6 23. Nc6 Rd6 24. Bd4 Ree6 25. Bxb6 Rxc6 26. Bd4 Kf7 27. Nd2 Ke8 28. Nb3 Rxc1 29. Rxc1 Kd7 30. Bc5 Nc7 31. Rd1+ Kc8 32. Bf8 g6 33. Nd4 Re8 34. Bg7 f5 35. Rc1 Kd7 36. Nf3 Ne6 37. Bf6 Rf8 38. Ne5+ Kd6 39. Rd1+ Kc7 40. Nd7 Rf7 41. Be5+ Kc6 42. Nf6 Nf8 43. Rc1+ Kb6 44. Bd4+ 1-0

[Event "POR Cup Teams 2017-18"]
[Site "Maia"]
[Date "2018.07.14"]
[Round "4"]
[White "Diogo, Vasco"]
[Black "Ferreira, Paulo"]
[Result "1-0"]
[ECO "B28"]
[WhiteElo "2224"]
[BlackElo "2054"]
[Annotator "NA"]
[PlyCount "75"]
[EventDate "2018.05.05"]
[EventType "team-tourn"]
[EventCountry "POR"]
[SourceTitle "playchess.com"]
[Source "ChessBase"]
[SourceQuality "1"]
[TimeControl "5400+30"]

1. e4 c5 2. Nf3 a6 3. d4 cxd4 4. Nxd4 e5 5. Nf3 Nf6 6. Bc4 Be7 7. O-O Nc6 8. Re1 O-O 9. Nc3 d6 10. h3 h6 11. a4 Qc7 12. Qe2 Nb4 13. Bb3 b6 14. Be3 Bb7 15. Nd2 d5 16. exd5 Nbxd5 17. Nxd5 Nxd5 18. Nc4 Bf6 19. a5 b5 20. Nd2 Nf4 21. Bxf4 exf4 22. c3 Qc6 23. Ne4 Kh8 24. Rad1 Rad8 25. Qh5 Rxd1 26. Bxd1 Bd8 27. Bf3 Qe6 28. Re2 Qa2 29. Kh2 Qxa5 30. Nd6 Bxf3 31. Nxf7+ Kg8 32. Nxh6+ Kh7 33. Ng4+ Kg8 34. gxf3 b4 35. Re5 Qb6 36. cxb4 Bf6 37. Qg6 Qd4 38. Rh5 1-0

[Event "POR Cup Teams 2017-18"]
[Site "Maia"]
[Date "2018.07.14"]
[Round "4"]
[White "Dias, Ivo Rodrigues"]
[Black "Silva, Miguel Antonio Neto"]
[Result "0-1"]
[ECO "B35"]
[WhiteElo "2138"]
[BlackElo "2211"]
[Annotator "NA"]
[PlyCount "50"]
[EventDate "2018.05.05"]
[EventType "team-tourn"]
[EventCountry "POR"]
[SourceTitle "playchess.com"]
[Source "ChessBase"]
[SourceQuality "1"]
[TimeControl "5400+30"]

1. e4 c5 2. Nc3 Nc6 3. Nf3 g6 4. d4 cxd4 5. Nxd4 Bg7 6. Be3 Nf6 7. Bc4 O-O 8. Bb3 d6 9. h3 Bd7 10. O-O Rc8 11. f4 Nxd4 12. Bxd4 Bc6 13. Qd3 Qa5 14. e5 dxe5 15. fxe5 Nd5 16. e6 fxe6 17. Bxg7 Kxg7 18. Qd4+ Nf6 19. Rae1 Qg5 20. Ne4 Qh4 21. g4 Bxe4 22. Rxe4 Qg3+ 23. Kh1 Qxh3+ 24. Kg1 Qg3+ 25. Kh1 Rcd8 0-1

[Event "POR Cup Teams 2017-18"]
[Site "Maia"]
[Date "2018.07.14"]
[Round "4"]
[White "Rodrigues, Jose A A"]
[Black "Luch, Michal"]
[Result "1/2-1/2"]
[ECO "E32"]
[WhiteElo "2101"]
[BlackElo "2396"]
[Annotator "NA"]
[PlyCount "26"]
[EventDate "2018.05.05"]
[EventType "team-tourn"]
[EventCountry "POR"]
[SourceTitle "playchess.com"]
[Source "ChessBase"]
[SourceQuality "1"]
[TimeControl "5400+30"]

1. d4 Nf6 2. c4 e6 3. Nc3 Bb4 4. Qc2 O-O 5. Nf3 b6 6. e4 Bb7 7. Bd3 d5 8. cxd5 exd5 9. e5 Ne4 10. O-O Bxc3 11. bxc3 c5 12. Nd2 f5 13. f3 Nxd2 1/2-1/2

[Event "POR Cup Teams 2017-18"]
[Site "Maia"]
[Date "2018.07.14"]
[Round "4"]
[White "Romano, Luis Miguel"]
[Black "Marques, Ricardo Taborda Tri"]
[Result "1/2-1/2"]
[ECO "C07"]
[WhiteElo "2083"]
[BlackElo "1876"]
[Annotator "NA"]
[PlyCount "70"]
[EventDate "2018.05.05"]
[EventType "team-tourn"]
[EventCountry "POR"]
[SourceTitle "playchess.com"]
[Source "ChessBase"]
[SourceQuality "1"]
[TimeControl "5400+30"]

1. e4 e6 2. d4 d5 3. Nd2 c5 4. exd5 Qxd5 5. Ngf3 cxd4 6. Bc4 Qd7 7. O-O Nc6 8. Nb3 a6 9. Nbxd4 Nxd4 10. Nxd4 Qc7 11. Bd3 Nf6 12. Qf3 Bd6 13. Kh1 Bd7 14. Be3 O-O-O 15. Rfd1 Kb8 16. c4 e5 17. Nf5 Bc6 18. Qg3 Bf8 19. Bg5 Re8 20. Bxf6 gxf6 21. f3 Bc5 22. Qh4 Rhg8 23. Rab1 a5 24. a3 a4 25. Be4 Rg5 26. b4 axb3 27. Rxb3 Rxf5 28. Bxf5 Ba4 29. Rdb1 Bxb3 30. Rxb3 Rd8 31. g3 Rd1+ 32. Kg2 Rd2+ 33. Kh1 Rd1+ 34. Kg2 Rd2+ 35. Kh1 Rd1+ 1/2-1/2

[Event "POR Cup Teams 2017-18"]
[Site "Maia"]
[Date "2018.07.15"]
[Round "5"]
[White "Silva, Miguel Antonio Neto"]
[Black "Wegerle, Joerg"]
[Result "*"]
[ECO "D02"]
[WhiteElo "2211"]
[BlackElo "2411"]
[Annotator "NA RC"]
[PlyCount "135"]
[EventDate "2018.05.05"]
[EventType "team-tourn"]
[EventCountry "POR"]
[SourceTitle "playchess.com"]
[Source "ChessBase"]
[SourceQuality "1"]
[TimeControl "5400+30"]

1. d4 d5 2. Nf3 Nf6 3. c4 e6 4. g3 Bb4+ 5. Bd2 Be7 6. Bg2 O-O 7. O-O Nbd7 8. Qc2 c6 9. Rd1 a5 {[%emt 0:02:01] E11: Bogo-Indian} (9... b6 10. b3 Ba6 11. a4 Qc8 12. Na3 c5 13. cxd5 Nxd5 14. Nc4 Bb7 15. dxc5 Nxc5 16. Rac1 Nf6 17. b4 Nce4 18. Be1 Qe8 19. Ng5 Nxg5 20. Bxb7 {1-0 (35) Matlakov,M (2704)-Zhou,J (2624) Qinhuangdao 2018}) 10. Bf4 Nh5 11. Nc3 f5 $146 ({Predecessor:} 11... Nxf4 12. gxf4 f5 13. e3 Nf6 14. Kh1 Bd7 15. Ne5 Bd6 16. Rg1 Be8 17. Bf3 b5 {0-1 (40) Greet,A (2443)-Briscoe,C (2268) Torquay 2009}) 12. Qd2 Nxf4 13. gxf4 dxc4 14. a4 Qc7 15. Rac1 Bd6 16. e3 Nb6 17. Qe2 Bd7 18. Nd2 Rf6 19. Nxc4 Nxc4 20. Qxc4 Qd8 21. Ne2 Rh6 22. Ng3 Kh8 23. Rc3 Qh4 24. Kf1 Qxh2 25. Bf3 Qh4 26. Ke2 Qe7 27. Qb3 Be8 28. Rcc1 Rd8 29. Rh1 Rxh1 30. Rxh1 Bb4 31. Qc2 g6 32. Rd1 Qf6 33. b3 Bf7 34. Nf1 g5 35. fxg5 Qxg5 36. Nd2 Bxd2 37. Qxd2 Bh5 38. Bxh5 Qxh5+ 39. Kd3 Qf3 40. Kc2 Rg8 41. Qc3 Qd5 42. Rd2 Rg1 43. Rd1 Rxd1 44. Kxd1 h5 45. Ke2 Kh7 46. f3 Kg6 47. Qe1 f4 48. exf4 Qxd4 49. Qg3+ $17 (49. Qxa5 $15 Qxf4 50. Qb6) 49... Kf7 50. Qg5 Qb2+ 51. Kf1 Qb1+ 52. Kf2 Qc2+ 53. Kf1 Qf5 54. Qd8 Qxf4 55. Qd7+ Kf6 56. Qd8+ Kf5 57. Qf8+ Kg5 58. Qd8+ Qf6 59. Qxa5+ Kh4 60. Qe1+ Kh3 61. Qe3 Qa1+ 62. Kf2 Qb2+ 63. Ke1 Qb1+ 64. Kf2 Qc2+ 65. Ke1 Qf5 66. Kf2 h4 67. Qc1 Qe5 68. Qf1+ *

[Event "POR Cup Teams 2017-18"]
[Site "Maia"]
[Date "2018.07.15"]
[Round "5"]
[White "Marques, Ricardo Taborda Tri"]
[Black "Diogo, Vasco"]
[Result "0-1"]
[ECO "A45"]
[WhiteElo "1876"]
[BlackElo "2224"]
[Annotator "NA"]
[PlyCount "68"]
[EventDate "2018.05.05"]
[EventType "team-tourn"]
[EventCountry "POR"]
[SourceTitle "playchess.com"]
[Source "ChessBase"]
[SourceQuality "1"]
[TimeControl "5400+30"]

1. d4 Nf6 2. Bg5 e6 3. e4 h6 4. Bxf6 Qxf6 5. Nf3 d6 6. Nc3 g5 7. e5 Qe7 {[%emt 0:02:47] A46: 1 d4 Nf6 2 Nf3 e6: Torre, London and Colle Systems} 8. h3 Bg7 9. Bb5+ $146 ({Predecessor:} 9. Qe2 a6 10. O-O-O d5 11. Qe3 b5 12. Ne2 Nd7 13. Ng3 c5 14. Nh5 Rg8 15. Nxg7+ Rxg7 {1-0 (31) Chernyshov,K (2548)-Thorfinnsson,B (2328) Budapest 2005}) 9... Nd7 10. Qe2 a6 11. Bxd7+ Bxd7 12. O-O-O d5 13. Kb1 c5 14. dxc5 Qxc5 15. Rhe1 O-O-O 16. Qe3 Bf8 17. Nd4 Be7 18. Rd3 Kb8 19. Nce2 Rc8 {Besser ist} 20. Red1 $11 Ba4 21. Nc3 Bd7 22. Nb3 Qxe3 23. Rxe3 f5 $11 24. exf6 Bxf6 25. Ne4 Be7 26. Nc3 Bd6 27. Red3 Rhf8 28. f3 Be5 29. Nxd5 exd5 30. Rxd5 Bf5 31. R1d2 Bf4 32. Re2 Rfe8 33. Rxe8 Bxc2+ 34. Ka1 Rxe8 0-1